 Dungeon Crawl Stone Soup version 0.32-a0-673-g3729bd50f8 (webtiles) character file.

Game seed: 12273002643228976668

20 seaoflcl the Shield-Bearer (level 2, -5/24 HPs)
             Began as a Human Fighter on Mar 11, 2024.
             Killed from afar by Sigmund (7 damage)
             ... with a puff of flame
             ... on level 2 of the Dungeon.
             The game lasted 00:01:10 (778 turns).

seaoflcl the Shield-Bearer (Human Fighter)           Turns: 778, Time: 00:01:13

Health: -5/24      AC:  8    Str: 16    XL:     2   Next: 79%
Magic:  2/2        EV:  8    Int:  8    God:
Gold:   68         SH:  4    Dex: 12    Spells: 1/1 levels left

rFire   . . .        a - +0 long sword
rCold   . . .        c - +0 buckler
rNeg    . . .        b - +0 scale mail
rPois   .            (no helmet)
rElec   .            i - +0 cloak
rCorr   .            (no gloves)
SInv    .            (no boots)
Will    .....        (no amulet) Stlth
                     (no ring)
HPRegen 0.24/turn    (no ring)
MPRegen 0.08/turn

%: no passive effects
@: no status effects
A: explore regen
a: no special abilities


You were on level 2 of the Dungeon.
You visited 1 branch of the dungeon, and saw 2 of its levels.

You collected 68 gold pieces.

Inventory:

Hand Weapons
 a - a +0 long sword (weapon)
Missiles
 f - 5 poisoned darts (quivered)
Armour
 b - a +0 scale mail (worn)
 c - a +0 buckler (worn)
 i - a +0 cloak (worn)
Jewellery
 n - a +6 ring of intelligence
Scrolls
 g - 2 scrolls of enchant weapon {unknown}
 h - a scroll of noise {unknown}
 l - 2 scrolls of identify {unknown}
 m - a scroll of vulnerability {unknown}
Potions
 e - a potion of enlightenment {unknown}
 k - a potion of haste {unknown}


   Skills:
 + Level 3.2 Fighting
 + Level 2.3 Long Blades
 + Level 3.2 Armour
 + Level 3.2 Shields


You had one spell level left.
You didn't know any spells.
Your spell library was empty.

Dungeon Overview and Level Annotations

Branches:
Dungeon (2/15)

Altars:

Shops:
D:2 [

Annotations:
D:2 Sigmund


Innate Abilities, Weirdness & Mutations

You regain HP and MP as you explore.


Message History

No target in view!
No target in view!
No target in view!
No target in view!
No target in view!
You now have 68 gold pieces (gained 3).
You see here a +0 leather armour.
l - 2 scrolls labelled TAEXIZIW YQIV (gained 1)
Found a cloak.
Found a stone staircase leading down.
Sigmund the Dreaded comes into view.
He is wielding a +0 scythe.
Sigmund shouts!
Sigmund giggles. "Time to reap what you sow."
Sigmund hits you with a +0 scythe.
You barely miss Sigmund. Sigmund hits you with a +0 scythe!
You are too injured to fight recklessly!
You are too injured to fight recklessly!
You are too injured to fight recklessly!
You are too injured to fight recklessly!
You are too injured to fight recklessly!
You are too injured to fight recklessly!
You are too injured to fight recklessly!
You are too injured to fight recklessly!
You are too injured to fight recklessly!
You are too injured to fight recklessly!
You are too injured to fight recklessly!
You are too injured to fight recklessly!
You are too injured to fight recklessly!
You feel very mighty all of a sudden.
Sigmund points at you and mumbles some strange words.
The puff of flame hits you!
* * * LOW HITPOINT WARNING * * *
It was a potion of cancellation.
Your magical effects are unravelling.
You feel magically purged.
You feel a little less mighty now. Sigmund casts a spell at you.
The puff of flame hits you!
You die...
Sigmund begins carving another notch in his scythe.

#.###.##.# ..#
#..##.##.# #.#
##.......# .
#.#[#####.......# #.
#.#.............#
...
#.#######......##
.... #.# #.......#
.....##@###
#.#.#.###
.......@..# ##...#.#
.....##.#.###.#.##.#
.............###...#
........#.###.#.####
#.#.#####.# ##.## #
#.# #># #.# #.# #.#
#.# #.# #.#


You could see Sigmund.

Vanquished Creatures
  A dart slug (D:1)
  5 bats (D:1)
  An endoplasm (D:1)
  2 giant cockroaches
  3 hobgoblins (D:1)
  2 ball pythons
  3 rats (D:1)
17 creatures vanquished.

Notes
Turn   | Place    | Note
-------+----------+-------------------------------------------
     0 | D:1      | seaoflcl the Human Fighter began the quest for the Orb.
     0 | D:1      | Reached XP level 1. HP: 18/18 MP: 1/1
   141 | D:1      | Reached XP level 2. HP: 24/24 MP: 2/2
   620 | D:2      | Found Waodwin's Armour Boutique.
   773 | D:2      | Noticed Sigmund
   777 | D:2      | HP: 1/24 [Sigmund/puff of flame (9)]
   778 | D:2      | Killed from afar by Sigmund

Illustrated notes

Levels and vault maps discovered:
D:1:      wheals_arrival_shading, layout_basic, serial_bayou_lagoon_a,
          minmay_distorted
D:2:      layout_loops_ring, serial_shops, shop, nicolae_shop_hallway_stairs,
          uniq_terence, uniq_jessica, uniq_sigmund

Action                     || total
---------------------------++-------
  Melee: Long sword        ||    68
    Use: Potion            ||     2
 Armour: Scale mail        ||   101
  Dodge: Dodged            ||    36
  Block: Buckler           ||    19

Table legend: (Time is in decaauts)
 A = Elapsed time spent in this place.
 B = Non-inter-level travel time spent in this place.
 C = Inter-level travel time spent in this place.
 D = Time resting spent in this place.
 E = Time spent auto-exploring this place.
 F = Levels seen in this place.
 G = Mean time per level.
                   A        B        C        D        E       F      G
               +--------+--------+--------+--------+--------+-----+--------+
         Total |    804 |    804 |      0 |      9 |    590 |   2 |  402.0 |
       Dungeon |    804 |    804 |      0 |      9 |    590 |   2 |  402.0 |
               +--------+--------+--------+--------+--------+-----+--------+

Top non-repeatable levels by time:
     D:1: 643 daAuts
     D:2: 160 daAuts
